 Dungeon Crawl Stone Soup version 0.31-a0-1612-g4aaf141004 (webtiles) character file.

Game seed: 1274806490726843001

7 kae the Vexing (level 1, -3/14 HPs)
             Began as a Demonspawn Enchanter on Jan 9, 2024.
             Slain by a gnoll
             ... wielding a +0 spear
              (6 damage)
             ... on level 1 of the Dungeon.
             The game lasted 00:00:29 (165 turns).

kae the Vexing (Demonspawn Enchanter)                Turns: 165, Time: 00:00:29

Health: -3/14      AC:  2    Str:  8    XL:     1   Next: 91%
Magic:  3/3        EV: 12    Int: 15    God:
Gold:   0          SH:  0    Dex: 13    Spells: 4/4 levels left

rFire   . . .        a - +1 dagger
rCold   . . .        (no shield)
rNeg    . . .        b - +0 robe
rPois   .            (no helmet)
rElec   .            (no cloak)
rCorr   .            (no gloves)
SInv    .            (no boots)
Will    .....        (no amulet)
Stlth   ++           (no ring)
HPRegen 0.22/turn    (no ring)
MPRegen 0.08/turn

%: no passive effects
@: no status effects
A: no striking features
a: no special abilities


You were on level 1 of the Dungeon.
You visited 1 branch of the dungeon, and saw 1 of its levels.


   Skills:
 + Level 0.3 Fighting
 * Level 1.2 Short Blades
 - Level 1.7 Dodging
 * Level 2.8 Stealth
 + Level 2.1 Spellcasting
 + Level 3.0 Hexes


You had 4 spell levels left.
You didn't know any spells.
Your spell library contained the following spells:

 Spells                   Type           Power      Damage    Failure   Level
 Ensorcelled Hibernation  Hex/Ice        12%        N/A       19%         2
 Confusing Touch          Hex            10%        N/A       19%         3
 Tukima's Dance           Hex            10%        N/A       19%         3
 Dazzling Flash           Conj/Hex       12%        N/A       34%         3

Inventory:

Hand Weapons
 a - a +1 dagger (weapon)
Armour
 b - a +0 robe (worn)
Scrolls
 d - a scroll of identify {unknown}
Potions
 c - 2 potions of invisibility

Dungeon Overview and Level Annotations

Branches:
Dungeon (1/15) Zot: 5835

Altars:

Shops:
D:1

* ..............)....
#................>
#................ .
#........###..... ..
###........# #.####
##. ##.........## #.#
#...#........#...##.#
.......?...†##......
......g@....##.......
..........#.##.......
.....................
.............##...(..
#.............g
###...##...##### #.#.
#..## #.#. .... # #.
...#


You could see a gnoll and a goblin.


Message History

Unknown command.
The endoplasm misses you.
You see here a ball python corpse. 😮 HP[+1]
You hit the endoplasm. The endoplasm freezes you.
You are frozen.
* * * LOW HITPOINT WARNING * * *
😨 HP[-4]
You take 4 damage, and now have 5/13 hp.
MASSIVE DAMAGE!! (PAUSE)
You barely miss the endoplasm. The endoplasm closely misses you.
You hit the endoplasm but do no damage. The endoplasm hits you.
* * * LOW HITPOINT WARNING * * *
😨 HP[-1]
You take 1 damage, and now have 4/13 hp.
You hit the endoplasm but do no damage. The endoplasm completely misses you.
You hit the endoplasm. The endoplasm misses you. 😨 HP[+1]
You hit the endoplasm.
You kill the endoplasm!
You start resting. 😕 HP[+6]
You regained 6 hp, and now have 11/13 hp.
An endoplasm comes into view.
An endoplasm is nearby!
An endoplasm is nearby!
Unknown command.
The endoplasm quivers.
You see here a scroll labelled UCISHR VEDUEM.
You hit the endoplasm. The endoplasm freezes you.
You are frozen. 😮 HP[-4]
You take 4 damage, and now have 7/13 hp.
MASSIVE DAMAGE!! (PAUSE)
You hit the endoplasm.
You kill the endoplasm!
d - a scroll labelled UCISHR VEDUEM 😕 HP[+4]
You regained 4 hp, and now have 11/13 hp.
A rat comes into view. 😎 HP[+2]
Your hp is fully restored (13).
A rat is nearby!
A rat is nearby!
A ball python comes into view.
The ball python hisses angrily.
You hit the rat. The ball python closely misses you. The ball python grabs you.
The ball python constricts you. The rat bites you but does no damage.
You barely miss the ball python. The ball python bites you.
The ball python constricts you. The rat bites you. 😮 HP[-6]
You take 6 damage, and now have 7/13 hp.
MASSIVE DAMAGE!! (PAUSE)
You closely miss the ball python. The ball python barely misses you.
The ball python constricts you.
Unknown command.
You closely miss the ball python. The rat barely misses you.
The ball python closely misses you. The ball python constricts you.
You hit the ball python. The rat barely misses you. The ball python bites you.
* * * LOW HITPOINT WARNING * * *
The ball python constricts you.
* * * LOW HITPOINT WARNING * * *
Unknown command. 😨 HP[-3]
You take 3 damage, and now have 4/13 hp.
MASSIVE DAMAGE!! (PAUSE)
You completely miss the ball python. The ball python bites you.
* * * LOW HITPOINT WARNING * * *
The ball python constricts you. The rat closely misses you. 😱 HP[-1]
You take 1 damage, and now have 3/13 hp.
You hit the ball python.
You kill the ball python!
The rat misses you. 😨 HP[+1]
You now have 14 max hp (+1).
You closely miss the rat. The rat misses you.
You hit the rat.
You kill the rat!
You start resting. 😕 HP[+7]
You regained 7 hp, and now have 11/14 hp.
A gnoll comes into view. It is wielding a +0 spear.
The gnoll shouts!
A gnoll is nearby!
A gnoll is nearby!
A goblin comes into view. It is wielding a +0 club. 😕 HP[+1]
You aren't carrying any items that you can evoke.
Okay, then.
The gnoll hits you with a +0 spear!
Ouch! That really hurt!
* * * LOW HITPOINT WARNING * * *
You closely miss the gnoll.
The goblin shouts!
The gnoll hits you with a +0 spear.
You die...

Skill      XL: |  1 |
---------------+----+-----
Short Blades   | 1 |  1.2
Fighting       | |  0.3
Dodging        | |  1.7
Stealth        | |  2.8
Spellcasting   | |  2.1
Hexes          | |  3.0

Action                     || total
---------------------------++-------
  Melee: Dagger            ||    30
 Armour: Robe              ||    12
  Dodge: Dodged            ||    21

Levels and vault maps discovered:
D:1:      psy_arrival_terrarium, layout_rooms, serial_shops, shop,
          roderic_lattice_a

Notes
Turn   | Place    | Note
-------+----------+-------------------------------------------
     0 | D:1      | kae the Demonspawn Enchanter began the quest for the Orb.
     0 | D:1      | Reached XP level 1. HP: 13/13 MP: 3/3
     0 | D:1      | magus.rc [v1.11.3]
    18 | D:1      | Found Aqaiguiwn's Assorted Antiques.
    47 | D:1      | Reached skill level 1 in Short Blades
   126 | D:1      | HP: 3/13 [ball python (1)]
   164 | D:1      | HP: 3/14 [gnoll/+0 spear (9)]
   165 | D:1      | Slain by a gnoll

Vanquished Creatures
  3 endoplasms (D:1)
  3 ball pythons (D:1)
  A rat (D:1)
7 creatures vanquished.

Table legend:
 A = Non-vault XP
 B = Vault XP
 C = Vault XP percentage of total XP
 D = Non-vault monster count
 E = Vault monster count
 F = Vault count percentage of total count
                 A         B        C        D         E       F
            +---------+---------+-------+---------+---------+-------
      Total |      11 |       0 |   0.0 |       7 |       0 |   0.0
            +---------+---------+-------+---------+---------+-------
        D:1 |      11 |       0 |   0.0 |       7 |       0 |   0.0
            +---------+---------+-------+---------+---------+-------

Skill      XL: |  1 |
---------------+----+-----
Short Blades   | 1 |  1.2
Fighting       | |  0.3
Dodging        | |  1.7
Stealth        | |  2.8
Spellcasting   | |  2.1
Hexes          | |  3.0

Action                     || total
---------------------------++-------
  Melee: Dagger            ||    30
 Armour: Robe              ||    12
  Dodge: Dodged            ||    21

Illustrated notes

Table legend:
 A = Kills in this place as a percentage of kills in the entire game.
 B = Kills by you in this place as a percentage of kills by you in the entire game.
 C = Kills by friends in this place as a percentage of kills by friends in the entire game.
 D = Other kills in this place as a percentage of other kills in the entire game.
 E = Experience gained in this place as a percentage of experience gained in the entire game.
 F = Experience gained in this place divided by the number of levels of this place that you have seen.
                   A       B       C       D       E      F
               +-------+-------+-------+-------+-------+----------------------
         Total | 100.0 | 100.0 |   N/A |   N/A | 100.0 |  11.0
       Dungeon | 100.0 | 100.0 |   N/A |   N/A | 100.0 |  11.0
               +-------+-------+-------+-------+-------+----------------------

Table legend: (Time is in decaauts)
 A = Elapsed time spent in this place.
 B = Non-inter-level travel time spent in this place.
 C = Inter-level travel time spent in this place.
 D = Time resting spent in this place.
 E = Time spent auto-exploring this place.
 F = Levels seen in this place.
 G = Mean time per level.
                   A        B        C        D        E       F      G
               +--------+--------+--------+--------+--------+-----+--------+
         Total |    163 |    163 |      0 |     54 |     52 |   1 |  163.0 |
       Dungeon |    163 |    163 |      0 |     54 |     52 |   1 |  163.0 |
               +--------+--------+--------+--------+--------+-----+--------+

Top non-repeatable levels by time:
     D:1: 163 daAuts
